 Dungeon Crawl Stone Soup version 0.21.1-1-g345015f (webtiles) character file.

166 wilfster70 the Sneak (level 5, -1/37 HPs)
             Began as a Gnoll Enchanter on June 14, 2018.
             Was a Follower of Nemelex Xobeh.
             Slain by Blork the orc
             ... wielding a +0 halberd
              (8 damage)
             ... on level 4 of the Dungeon.
             The game lasted 00:12:21 (3272 turns).

wilfster70 the Sneak (Gnoll Enchanter)              Turns: 3272, Time: 00:12:23

Health: -1/37      AC:  4    Str: 10    XL:     5   Next: 47%
Magic:  21/21      EV: 15    Int: 19    God:    Nemelex Xobeh [*.....]
Gold:   117        SH:  0    Dex: 15    Spells: 9/14 levels left

rFire    . . .     SeeInvis .   a - +1 dagger
rCold    . . .     Gourm    .   (no shield)
rNeg     . . .     Faith    .   u - +0 robe
rPois    .         Spirit   .   (no helmet)
rElec    .         Reflect  .   (no cloak)
rCorr    .         Harm     .   (no gloves)
MR       .....                  g - +1 pair of boots
Stlth    +.........             (no amulet)
HPRegen  0.12/turn              (no ring)
MPRegen  0.17/turn              h - ring of magical power

@: confused, flying
A: distributed training, fangs 1, strong nose
a: Renounce Religion


You were on level 4 of the Dungeon.
You worshipped Nemelex Xobeh.
Nemelex Xobeh was aware of your devotion.
You were hungry.

You visited 1 branch of the dungeon, and saw 4 of its levels.

You collected 117 gold pieces.

Inventory:

Hand Weapons
 a - a +1 dagger (weapon)
 b - a +0 war axe
 e - a +0 hunting sling
Missiles
 f - 79 stones (quivered)
 t - 27 sling bullets
Armour
 g - a +1 pair of boots (worn)
 i - a +0 leather armour
 u - a +0 robe (worn)
Jewellery
 h - a ring of magical power (right hand)
Scrolls
 j - 3 scrolls of blinking
 q - a scroll of magic mapping
 s - a scroll of remove curse
Potions
 m - 3 potions of mutation
 n - 2 potions of curing
 p - a potion of heal wounds {unknown}
Books
 c - a book of Maledictions

   Spells                             Type                      Level
   a - Corona                         Hexes                        1
   b - Ensorcelled Hibernation        Hexes/Ice                    2
   c - Confuse                        Hexes                        3
   d - Tukima's Dance                 Hexes                        3
   e - Dazzling Spray                 Conjuration/Hexes            3
Miscellaneous
 l - a plain deck of summoning
Comestibles
 d - 5 rations


   Skills:
 + Level 1.4 Fighting
 + Level 3.0 Short Blades
 + Level 1.4 Long Blades
 + Level 1.4 Axes
 + Level 1.4 Maces & Flails
 + Level 1.4 Polearms
 + Level 1.4 Staves
 + Level 1.4 Slings
 + Level 1.4 Bows
 + Level 1.4 Crossbows
 + Level 1.4 Throwing
 + Level 1.4 Armour
 + Level 4.8 Dodging
 + Level 6.1 Stealth
 + Level 1.4 Shields
 + Level 1.4 Unarmed Combat
 + Level 5.2 Spellcasting
 + Level 1.1 Conjurations
 + Level 5.5 Hexes
 + Level 1.1 Charms
 + Level 1.1 Summonings
 + Level 1.1 Necromancy
 + Level 1.1 Translocations
 + Level 1.1 Transmutations
 + Level 1.1 Fire Magic
 + Level 1.1 Ice Magic
 + Level 1.1 Air Magic
 + Level 1.1 Earth Magic
 + Level 1.1 Poison Magic
 + Level 1.6 Invocations
 + Level 1.4 Evocations


You had 9 spell levels left.
You knew the following spells:

 Your Spells              Type           Power        Failure   Level  Hunger
b - Ensorcelled Hibernat  Hex/Ice        ###...       4%          2    #......
c - Confuse               Hex            ####....     3%          3    ##.....


Dungeon Overview and Level Annotations

Branches:
Dungeon (4/15)
 Temple: D:4-7

Altars:
Gozag
Nemelex Xobeh
Sif Muna

Annotations:
D:4 Blork the orc


Innate Abilities, Weirdness & Mutations

Your experience applies equally to all skills.
You have very sharp teeth.
Your uncanny sense of smell can sniff out nearby items.


Message History

* * * LOW HITPOINT WARNING * * *
It was a potion of curing.
You feel better. Something hits you.
A puff of flame appears from out of thin air!
The puff of flame hits you!
* * * LOW HITPOINT WARNING * * *
It was a potion of flight.
You feel very buoyant.
You fly up into the air.
It was a potion of ambrosia.
You are confused.
You feel invigorated. Something hits you.
* * * LOW HITPOINT WARNING * * *
Something hits you.
* * * LOW HITPOINT WARNING * * *
A magic dart appears from out of thin air!
The magic dart hits you!
* * * LOW HITPOINT WARNING * * *
Something hits you!
You die...
Your body disappears without a glow.

. #. .# ##.# #### #
#..###..## # #.##..^..#
## ####.#......# .#
####......@....##
.######....##.........#
..##....#####........##
.....#### #........#
..#### #.......## ..#
#.......## .##
#.....#..#### # ##
#....###....## ###.
##..## ##....#####...


There were no monsters in sight!

Vanquished Creatures
  A centaur skeleton (D:4)
  A worker ant (D:4)
  3 adders
  An ooze (D:1)
  3 worms
  5 dart slugs (D:1)
  2 leopard geckos
  A ball python (D:3)
  3 giant cockroaches
  6 goblins
  5 hobgoblins
  3 jackals (D:2)
  2 quokkas
  9 bats
  3 frilled lizards
  10 kobolds
  4 rats
62 creatures vanquished.

Notes
Turn   | Place    | Note
-------+----------+-------------------------------------------
     0 | D:1      | wilfster70 the Gnoll Enchanter began the quest for the Orb.
     0 | D:1      | Reached XP level 1. HP: 13/13 MP: 6/6
    95 | D:1      | Reached XP level 2. HP: 17/19 MP: 7/7
    99 | D:1      | Learned a level 2 spell: Ensorcelled Hibernation
   615 | D:1      | Reached XP level 3. HP: 25/25 MP: 9/9
   620 | D:1      | Reached skill level 5 in Spellcasting
   789 | D:1      | Found a sparkling altar of Nemelex Xobeh.
   804 | D:1      | Became a worshipper of Nemelex Xobeh the Trickster
   875 | D:1      | Reached skill level 6 in Stealth
  1047 | D:2      | Received a gift from Nemelex Xobeh
  1105 | D:2      | Reached skill level 1 in Invocations
  1249 | D:2      | Found a deep blue altar of Sif Muna.
  1375 | D:2      | Reached skill level 1 in Fighting
  1375 | D:2      | Reached skill level 1 in Long Blades
  1375 | D:2      | Reached skill level 1 in Axes
  1375 | D:2      | Reached skill level 1 in Maces & Flails
  1375 | D:2      | Reached skill level 1 in Polearms
  1375 | D:2      | Reached skill level 1 in Staves
  1375 | D:2      | Reached skill level 1 in Slings
  1375 | D:2      | Reached skill level 1 in Bows
  1375 | D:2      | Reached skill level 1 in Crossbows
  1375 | D:2      | Reached skill level 1 in Throwing
  1375 | D:2      | Reached skill level 1 in Armour
  1375 | D:2      | Reached skill level 1 in Shields
  1375 | D:2      | Reached skill level 1 in Unarmed Combat
  1375 | D:2      | Reached skill level 1 in Evocations
  1375 | D:2      | Reached XP level 4. HP: 32/32 MP: 11/11
  2371 | D:3      | Learned a level 1 spell: Corona
  2417 | D:3      | Reached * piety under Nemelex Xobeh
  2448 | D:3      | Reached skill level 1 in Conjurations
  2448 | D:3      | Reached skill level 1 in Charms
  2448 | D:3      | Reached skill level 1 in Summonings
  2448 | D:3      | Reached skill level 1 in Necromancy
  2448 | D:3      | Reached skill level 1 in Translocations
  2448 | D:3      | Reached skill level 1 in Transmutations
  2448 | D:3      | Reached skill level 1 in Fire Magic
  2448 | D:3      | Reached skill level 1 in Ice Magic
  2448 | D:3      | Reached skill level 1 in Air Magic
  2448 | D:3      | Reached skill level 1 in Earth Magic
  2448 | D:3      | Reached skill level 1 in Poison Magic
  2464 | D:3      | Learned a level 3 spell: Confuse
  2632 | D:3      | Found an opulent altar of Gozag.
  2939 | D:4      | Reached XP level 5. HP: 37/37 MP: 12/12
  3063 | D:4      | Noticed Blork the orc
  3270 | D:4      | HP: 1/37 [something/magic dart (5)]
  3272 | D:4      | Slain by Blork the orc

Skill      XL: |  1  2  3  4  5 |
---------------+----------------+-----
Spellcasting   | 5 |  5.2
Stealth        | 6 |  6.1
Invocations    | 1 |  1.6
Fighting       | 1 |  1.4
Long Blades    | 1 |  1.4
Axes           | 1 |  1.4
Maces & Flails | 1 |  1.4
Polearms       | 1 |  1.4
Staves         | 1 |  1.4
Slings         | 1 |  1.4
Bows           | 1 |  1.4
Crossbows      | 1 |  1.4
Throwing       | 1 |  1.4
Armour         | 1 |  1.4
Shields        | 1 |  1.4
Unarmed Combat | 1 |  1.4
Evocations     | 1 |  1.4
Conjurations   | 1 |  1.1
Charms         | 1 |  1.1
Summonings     | 1 |  1.1
Necromancy     | 1 |  1.1
Translocations | 1 |  1.1
Transmutations | 1 |  1.1
Fire Magic     | 1 |  1.1
Ice Magic      | 1 |  1.1
Air Magic      | 1 |  1.1
Earth Magic    | 1 |  1.1
Poison Magic   | 1 |  1.1
Short Blades   | 3 |  3.0
Dodging        | |  4.8
Hexes          | |  5.5

Action                   |  1- 3 |  4- 6 || total
-------------------------+-------+-------++-------
Melee: Dagger            |   107 |    68 ||   175
       Bite              |    11 |     6 ||    17
       Punch             |       |     1 ||     1
       War axe           |       |     5 ||     5
 Cast: Ensorcelled Hiber |     4 |    12 ||    16
       Confuse           |       |     8 ||     8
  Use: Scroll            |     3 |     6 ||     9
       Potion            |       |     3 ||     3
 Stab: Sleeping          |    13 |    24 ||    37
       Confused          |       |     1 ||     1
  Eat: Chunk             |     2 |     5 ||     7
Armor: Robe              |    15 |     7 ||    22
Dodge: Dodged            |    87 |    46 ||   133
